 Dungeon Crawl Stone Soup version 0.29.1-4-g47bece8355 (webtiles) character file.

Game seed: 12000635844841043222

9 hawla the Firebug (level 2, -3/20 HPs)
             Began as a Meteoran Fire Elementalist on Dec 6, 2022.
             Slain by an iguana (10 damage)
             ... on level 4 of the Dungeon.
             The game lasted 00:01:21 (316 turns).

hawla the Firebug (Meteoran Fire Elementalist)       Turns: 316, Time: 00:01:22

Health: -3/20      AC:  2    Str:  9    XL:     2   Next: 41%
Magic:  0/6        EV: 12    Int: 16    God:
Gold:   56         SH:  0    Dex: 14    Spells: 3/6 levels left

rFire   . . .      SeeInvis .   (no weapon)
rCold   . . .      Faith    .   (no shield)
rNeg    . . .      Spirit   .   a - +0 robe
rPois   .          Reflect  .   (no helmet)
rElec   .          Harm     .   (no cloak)
rCorr   .          Rampage  .   (no gloves)
Will    .....                   (no boots)
Stlth   +.........              (no amulet)
HPRegen 0.06/turn               (no ring)
MPRegen 0.10/turn               (no ring)

@: glowing
A: sense surroundings 1, otherworldly, glowing, explore regen
a: no special abilities


You were on level 4 of the Dungeon.
You visited 1 branch of the dungeon, and saw 4 of its levels.

You collected 56 gold pieces.

Inventory:

Armour
 a - a +0 robe (worn)
Potions
 b - 2 potions of magic
 c - 2 potions of curing {unknown}


   Skills:
 + Level 2.4 Dodging
 - Level 1.4 Stealth
 + Level 2.9 Spellcasting
 + Level 1.4 Conjurations
 + Level 4.1 Fire Magic


You had 3 spell levels left.
You knew the following spells:

 Your Spells              Type           Power      Damage    Failure   Level
a - Foxfire               Conj/Fire      44%        2x1d6     6%          1
b - Scorch                Fire           30%        2d6       5%          2

Your spell library contained the following spells:

 Spells                   Type           Power      Damage    Failure   Level
 Conjure Flame            Conj/Fire      11%        6-21      19%         3
 Inner Flame              Hex/Fire       9%         N/A       24%         3
 Flame Wave               Conj/Fire      11%        2d6       52%         4


Dungeon Overview and Level Annotations

Branches:
Dungeon (4/15) Zot: 2084
 Temple: D:4-7

Altars:


Innate Abilities, Weirdness & Mutations

You passively map a small area around you.
You are easily found by Zot.
You glow in the dark.
You regain HP and MP as you explore.


Message History

You now have 56 gold pieces (gained 13).
Found 7 stones.
You see here 7 stones.
An iguana and a giant cockroach come into view.
The iguana hisses angrily.
Casting: Foxfire (safe; 6% risk of failure)
Confirm with . or Enter, or press ? or * to list all spells.
Flames lash the giant cockroach.
The giant cockroach is almost dead.
The giant cockroach's fire resistance burns away.
The giant cockroach bites you but does no damage.
Casting: Scorch (safe; 5% risk of failure)
Confirm with . or Enter, or press ? or * to list all spells.
You conjure some foxfire!
The giant cockroach closely misses you.
Casting: Foxfire (safe; 6% risk of failure)
Confirm with . or Enter, or press ? or * to list all spells.
Flames lash the giant cockroach.
You kill the giant cockroach!
The foxfire hits the iguana.
The iguana is lightly wounded.
The foxfire hits the iguana but does no damage.
The iguana is lightly wounded.
Casting: Scorch (safe; 5% risk of failure)
Confirm with . or Enter, or press ? or * to list all spells.
You conjure some foxfire!
The iguana bites you!
You barely miss the iguana. You punch the iguana, but do no damage.
The iguana is lightly wounded.
The foxfire hits the iguana but does no damage.
The iguana is lightly wounded.
The foxfire hits the iguana but does no damage.
The iguana is lightly wounded.
The iguana barely misses you. The iguana bites you.
You see here a giant cockroach corpse.
The iguana attacks as you move away! The iguana bites you.
* * * LOW HITPOINT WARNING * * *
A phantom comes into view.
The iguana attacks as you move away! The iguana bites you!
Ouch! That really hurt!
You die...

..# #.# * ..# #.# #. ,
..# #.# .#* *,,.. ..#
#.## .. ,...,, ..# #..#
#. ..... ..# ##.# #.
##..... .##
#.#######.###.......
#.##..........#,.... , *
####.#######.@..##..... ,
**#....(........l........
.....##.##########†#...##
#### #..# #.....W..#
##.######.###.#.## ,
#........# .# # * *
#########....... , *
,....... , * ,.......


You could see a phantom and an iguana.

Vanquished Creatures
  3 endoplasms
  A giant cockroach (D:4)
  A goblin (D:1)
  A quokka (D:3)
  2 ball pythons
8 creatures vanquished.

Vanquished Creatures (others)
  16 foxfires
16 creatures vanquished.

Grand Total: 24 creatures vanquished

Notes
Turn   | Place    | Note
-------+----------+-------------------------------------------
     0 | D:1      | hawla the Meteoran Fire Elementalist began the quest for
                  | the Orb.
     0 | D:1      | Reached XP level 1. HP: 14/14 MP: 5/5
    32 | D:1      | Reached skill level 4 in Fire Magic
    32 | D:1      | Reached XP level 2. HP: 20/20 MP: 2/6
    35 | D:1      | Learned a level 2 spell: Scorch
   314 | D:4      | Noticed a phantom
   316 | D:4      | Slain by an iguana

Illustrated notes

Levels and vault maps discovered:
D:1:      amcnicky_arrival_double_pillar, layout_basic, minmay_quantized
D:2:      layout_loops_corners, serial_forest, infiniplex_forest_side_room,
          infiniplex_forest_straight_5, infiniplex_forest_straight_2,
          infiniplex_forest_clump_cross, infiniplex_forest_zigzag_2,
          infiniplex_forest_straight_2, infiniplex_forest_lined_room_,
          infiniplex_forest_fountain, basic_altar,
          amcnicky_mini_corridor_feature, corexii_corridor_pit,
          kennysheep_generic_room_5
D:3:      layout_loops_corners, dreamdust_ecumenical_altar_drowned_temple,
          serial_shops, shop
D:4:      layout_rooms, lemuel_coloured_pillars_altar, nrook_uturn, uniq_sigmund

Skill      XL: |  1 |
---------------+----+-----
Fire Magic     | 4 |  4.1
Dodging        | |  2.4
Stealth        | |  1.4
Spellcasting   | |  2.9
Conjurations   | |  1.4

Action                   || total
-------------------------++-------
Melee: Unarmed           ||     4
       Punch             ||     1
 Cast: Foxfire           ||     9
       Scorch            ||     3
Armor: Robe              ||     1
Dodge: Dodged            ||     2
